 Dungeon Crawl Stone Soup version 0.22-a0-515-g75794bf (webtiles) character file.

24 Azzur the Ducker (level 2, 0/16 HPs)
             Began as a Spriggan Monk on June 19, 2018.
             Slain by an adder (4 damage)
             ... on level 2 of the Dungeon.
             The game lasted 00:07:01 (990 turns).

Azzur the Ducker (Spriggan Monk)                     Turns: 990, Time: 00:07:01

Health: 0/16       AC:  2    Str:  7    XL:     2   Next: 79%
Magic:  3/3        EV: 20    Int: 11    God:
Gold:   92         SH:  0    Dex: 18    Spells: 1/1 levels left

rFire    . . .     SeeInvis +   a - +0 short sword
rCold    . . .     Gourm    .   (shield restricted)
rNeg     . . .     Faith    .   b - +0 robe
rPois    .         Spirit   .   (helmet restricted)
rElec    .         Reflect  .   (no cloak)
rCorr    .         Harm     .   (gloves unavailable)
MR       .....                  (boots unavailable)
Stlth    +++.......             (no amulet)
HPRegen  0.05/turn              (no ring)
MPRegen  0.08/turn              (no ring)

@: lethally poisoned (0 -> -6), very quick
A: very small, unfitting armour, see invisible, herbivore, speed 3, slow
metabolism 2
a: no special abilities


You were on level 2 of the Dungeon.
You were not hungry.

You visited 1 branch of the dungeon, and saw 2 of its levels.

You collected 92 gold pieces.

Inventory:

Hand Weapons
 a - a +0 short sword (weapon)
 h - a +0 hunting sling
Missiles
 k - 26 sling bullets
Armour
 b - a +0 robe (worn)
Jewellery
 n - an uncursed amulet of the gourmand
 p - an uncursed ring of resist corrosion {unknown}
Scrolls
 d - 2 scrolls of identify
 e - 2 scrolls of fear
 f - 5 scrolls of blinking {unknown}
 g - a scroll of enchant weapon {unknown}
 i - a scroll of remove curse {unknown}
 l - a scroll of teleportation {unknown}
Potions
 j - a potion of lignification {unknown}
 m - a potion of ambrosia {unknown}
 o - a potion of mutation {unknown}
Comestibles
 c - a ration


   Skills:
 + Level 2.6 Fighting
 + Level 3.6 Short Blades
 + Level 4.8 Dodging
 * Level 3.9 Stealth


You had one spell level left.
You didn't know any spells.
Your spell library was empty.

Dungeon Overview and Level Annotations

Branches:
Dungeon (2/15)

Altars:


Innate Abilities, Weirdness & Mutations

You are very small and have problems with some larger weapons.
You are too small for most types of armour.
You have supernaturally acute eyesight. (SInv)
You are a herbivore.
You cover ground extremely quickly.
You need to consume almost no food.


Message History

The adder completely misses you.
You hit the adder.
The adder is moderately wounded.
The adder closely misses you.
You hit the adder but do no damage.
The adder is moderately wounded.
The adder bites you.
You are lethally poisoned!
The adder poisons you!
You hit the adder.
The adder is severely wounded.
You feel sick. The adder bites you.
You barely miss the adder.
The adder is severely wounded.
The adder misses you.
You completely miss the adder.
The adder is severely wounded.
* * * LOW HITPOINT WARNING * * *
You feel sick. The adder barely misses you. The adder bites you.
You die...

....
#.g....########.####..
... #.......# #.# ...
#...[.### #.# #...S.#
#.# #.....# ###.###
.#.>K..#######.....###
..........S............
...###########g....>)...
..(...r@Sr.........
#########.....#....
#######.... ###


You could see an adder, 2 quokkas and a goblin.

Vanquished Creatures
  An ooze (D:2)
  A dart slug (D:2)
  A giant cockroach (D:1)
  2 goblins
  3 hobgoblins
  2 kobolds (D:1)
  3 bats (D:2)
  A frilled lizard (D:1)
  4 rats
18 creatures vanquished.

Notes
Turn   | Place    | Note
-------+----------+-------------------------------------------
     0 | D:1      | Azzur the Spriggan Monk began the quest for the Orb.
     0 | D:1      | Reached XP level 1. HP: 11/11 MP: 2/2
   345 | D:1      | Reached XP level 2. HP: 16/16 MP: 3/3
   990 | D:2      | Slain by an adder

Vault maps used:
D:1:      shiori_arrival_oz, hex_large
D:2:      first_ration

Action                   || total
-------------------------++-------
Melee: Short sword       ||    74
  Use: Scroll            ||     2
 Stab: Sleeping          ||     5
Armor: Robe              ||     4
Dodge: Dodged            ||    54

Table legend:
 A = Spawn XP
 B = Non-spawn XP
 C = Spawn XP percentage of total XP
 D = Spawn monster count
 E = Non-spawn monster count
 F = Spawn count percentage of total count
 G = Total turns spent on level
                    A         B        C        D         E        F      G
               +---------+---------+-------+---------+---------+-------+---------
         Total |       0 |      35 |   0.0 |       0 |      18 |   0.0 |   990
               +---------+---------+-------+---------+---------+-------+---------
           D:1 |       0 |      12 |   0.0 |       0 |       8 |   0.0 |   485
           D:2 |       0 |      23 |   0.0 |       0 |      10 |   0.0 |   505
               +---------+---------+-------+---------+---------+-------+---------
